cohdb
Replays
Latest Replays
All Replays
Popular Replays
Top Player Replays
Match Explorer
How It Works
Community
CoH3 Stats
Reddit
Sign in to upload your games and track your stats! →
Sign in with Steam
Match 42726060
Unlisted
Match 42726060
Overview
Messages
Build Orders
End
Construct Section Command Post
ML 3-inch Mortar Team
Infantry Section
Infantry Section
Infantry Section
Construct Platoon Command Post
Selects Indian Artillery Battlegroup
Selects Valour
CMP 15cwt Truck
6-pounder Anti-tank Gun Team
Selects Gurkha Rifles Section
Infantry Training
Gurkha Rifles Section
Darbesky
head2dead
BK
Toi99
0
0
Comments
sign in to comment!
No comments posted yet!